 Dungeon Crawl Stone Soup version 0.26-a0-228-g29f007ebfe (webtiles) character file.

Game seed: 141018487023344088

469 Goblin1989 the Magician (level 7, 50/50 HPs)
             Began as a Ghoul Fire Elementalist on Feb 18, 2020.
             Quit the game on level 4 of the Dungeon on July 8, 2020.
             The game lasted 00:17:26 (4389 turns).

Goblin1989 the Magician (Ghoul Fire Elementalist)   Turns: 4389, Time: 00:17:27

Health: 50/50      AC:  3    Str: 12    XL:     7   Next: 9%
Magic:  7/12       EV: 12    Int: 12    God:
Gold:   204        SH:  0    Dex:  9    Spells: 1/14 levels left

rFire    . . .     SeeInvis +   V - +1 hunting sling (freeze)
rCold    + . .     Faith    .   (no shield)
rNeg     + + +     Spirit   .   j - +0 robe
rPois    ∞         Reflect  .   (no helmet)
rElec    .         Harm     .   (no cloak)
rCorr    .                      w - +0 pair of gloves
MR       .....                  (no boots)
Stlth    ++........             m - amulet of magic regeneration
HPRegen  0.16/turn              s - ring of see invisible
MPRegen  0.38/turn              S - ring of wizardry

@: very slightly contaminated, rotting
A: rotting body, claws 1, carnivore, cold resistance 1, negative energy
resistance 3, inhibited regeneration, torment resistance, unbreathing
a: no special abilities


You were on level 4 of the Dungeon.
You were not hungry.

You visited 1 branch of the dungeon, and saw 4 of its levels.

You collected 204 gold pieces.

Inventory:

Hand Weapons
 V - a +1 hunting sling of freezing (weapon)
Missiles
 U - 41 sling bullets (quivered)
Armour
 j - a +0 robe (worn)
 w - a +0 pair of gloves (worn)
Jewellery
 m - an amulet of magic regeneration (around neck)
 s - a ring of see invisible (left hand)
 S - a ring of wizardry (right hand)
 W - an uncursed amulet of reflection {unknown}
Scrolls
 g - 2 scrolls of fog
 M - 2 scrolls of random uselessness {unknown}
 N - a scroll of remove curse {@r3}
 O - a scroll of fear {unknown}
 R - 4 scrolls of identify {@r1}
 T - a scroll of teleportation
 X - 2 scrolls of immolation
Potions
 h - a potion of invisibility
 k - a potion of resistance {unknown}
 l - a potion of magic {unknown}
 q - a potion of ambrosia {unknown}
 r - 2 potions of curing {unknown}
 t - a potion of might {unknown}
 v - a potion of berserk rage {unknown}
 P - a potion of mutation {unknown}
 Q - a potion of lignification {unknown}
 Z - a potion of stabbing {unknown}
Comestibles
 e - 7 rations
 Y - 4 chunks of flesh


   Skills:
 - Level 1.7 Dodging
 - Level 2.1 Stealth
 + Level 4.3 Spellcasting
 * Level 3.0 Conjurations
 * Level 3.9 Fire Magic


You had one spell level left.
You knew the following spells:

 Your Spells              Type           Power        Failure   Level
a - Foxfire               Conj/Fire      ##..         1%          1
b - Sticky Flame          Conj/Fire      ##......     21%         4
c - Fireball              Conj/Fire      ##........   45%         5
j - Conjure Flame         Conj/Fire      ##......     6%          3

Your spell library contained the following spells:

 Spells                   Type           Power        Failure   Level
 Inner Flame              Hex/Fire       #.......     12%         3


Dungeon Overview and Level Annotations

Branches:
Dungeon (4/15)
 Temple: D:4-7

Altars:
Trog
Zin


Innate Abilities, Weirdness & Mutations

Your body is rotting away.
You thrive on raw meat.
You are immune to poison.
You have sharp fingernails.
You are carnivorous and can eat meat at any time.
Your flesh is cold resistant. (rC+)
You are immune to negative energy. (rN+++)
You do not regenerate when monsters are visible.
You are immune to unholy pain and torment.
You can survive without breathing.


Message History

A bullfrog zombie comes into view.
Found 9 gold pieces.
A bullfrog zombie is nearby!
Casting: Foxfire (safe; 2% risk of failure)
Confirm with . or Enter, or press ? or * to list all spells.
You conjure some foxfire!
You now have 10/11 mp.
Casting: Foxfire (safe; 2% risk of failure)
Confirm with . or Enter, or press ? or * to list all spells.
You conjure some foxfire!
You now have 9/11 mp.
Casting: Foxfire (safe; 2% risk of failure)
Confirm with . or Enter, or press ? or * to list all spells.
You conjure some foxfire!
The foxfire hits the bullfrog zombie.
The bullfrog zombie is lightly damaged.
The foxfire hits the bullfrog zombie.
The bullfrog zombie is moderately damaged.
The foxfire hits the bullfrog zombie.
The bullfrog zombie is moderately damaged.
The foxfire hits the bullfrog zombie.
The bullfrog zombie is heavily damaged.
Casting: Foxfire (safe; 2% risk of failure)
Confirm with . or Enter, or press ? or * to list all spells.
You conjure some foxfire!
The foxfire hits the bullfrog zombie.
The bullfrog zombie is heavily damaged.
The foxfire hits the bullfrog zombie.
The bullfrog zombie is heavily damaged.
You now have 8/11 mp.
Casting: Foxfire (safe; 2% risk of failure)
Confirm with . or Enter, or press ? or * to list all spells.
You conjure some foxfire!
The foxfire hits the bullfrog zombie.
The bullfrog zombie is severely damaged.
The foxfire hits the bullfrog zombie.
The bullfrog zombie is severely damaged.
The foxfire hits the bullfrog zombie.
The bullfrog zombie is almost destroyed.
You now have 7/11 mp.
Casting: Foxfire (safe; 2% risk of failure)
Confirm with . or Enter, or press ? or * to list all spells.
You conjure some foxfire!
The foxfire hits the bullfrog zombie.
You destroy the bullfrog zombie!
You have reached level 7!
Health restored: 50 Unknown command.
A worker ant comes into view.
MP restored: 12 A worker ant is nearby!
Casting: Foxfire (safe; 2% risk of failure)
Confirm with . or Enter, or press ? or * to list all spells.
You conjure some foxfire!
You now have 11/12 mp.
Casting: Foxfire (safe; 2% risk of failure)
Confirm with . or Enter, or press ? or * to list all spells.
You conjure some foxfire!
The worker ant twitches its antennae in your direction.
The foxfire hits the worker ant.
The worker ant is lightly wounded.
You now have 10/12 mp.
Casting: Foxfire (safe; 2% risk of failure)
Confirm with . or Enter, or press ? or * to list all spells.
You conjure some foxfire!
The foxfire hits the worker ant.
The worker ant is moderately wounded.
The foxfire hits the worker ant but does no damage.
The worker ant is moderately wounded.
The foxfire hits the worker ant.
The worker ant is heavily wounded.
Casting: Foxfire (safe; 2% risk of failure)
Confirm with . or Enter, or press ? or * to list all spells.
You conjure some foxfire!
The foxfire hits the worker ant but does no damage.
The worker ant is heavily wounded.
You now have 9/12 mp.
Casting: Foxfire (safe; 2% risk of failure)
Confirm with . or Enter, or press ? or * to list all spells.
You miscast Foxfire.
You are very lightly contaminated with residual magic.
Sparks fly from your hands!
The foxfire hits the worker ant but does no damage.
The worker ant is heavily wounded.
The foxfire hits the worker ant.
The worker ant is almost dead.
The foxfire hits the worker ant.
The worker ant is almost dead.
Casting: Foxfire (safe; 2% risk of failure)
Confirm with . or Enter, or press ? or * to list all spells.
You conjure some foxfire!
You now have 8/12 mp.
Casting: Foxfire (safe; 2% risk of failure)
Confirm with . or Enter, or press ? or * to list all spells.
You conjure some foxfire!
The foxfire hits the worker ant.
You kill the worker ant!
Your Conjurations skill increases to level 3!
You now have 7/12 mp.
Unknown command.
No target in view!
Saving game... please wait.
You become an executioner!
Welcome back, Goblin1989 the Ghoul Fire Elementalist.
Press ? for a list of commands and other information.
Are you sure you want to abandon this character and quit the game? (Confirm with "yes".)

███.██
█.██......█
███..█
█.██......█
.███.█
█.██......█
..██.██
█.........████
⌂.██..█
█.............
..███.█
█...........$.
..█ █.█
█.............
.██ █.██
█....v§.......
██ █..█
█.██..@§§v....
█ ██.██
█.██..§v......
█ █..█
█.███████!....
█ ██.███.█
.... █..██.█
..█ ██.██.██
.█ █.....█ █
█.....█
██..(.█


There were no monsters in sight!

Vanquished Creatures
  An ogre (D:4)
  A bullfrog zombie (D:4)
  A hound (D:4)
  2 orc priests
  An orc wizard (D:4)
  4 worker ants (D:4)
  7 adders
  5 worms
  4 dart slugs
  3 leopard geckos
  8 orcs
  6 goblins
  6 hobgoblins
  2 jackals (D:4)
  5 kobolds
  2 ball pythons
  A ball python skeleton (D:4)
  3 bats (D:2)
  6 frilled lizards
  9 rats
77 creatures vanquished.

Vanquished Creatures (others)
  339 foxfires
  A plant (D:3)
340 creatures vanquished.

Grand Total: 417 creatures vanquished

Notes
Turn   | Place    | Note
-------+----------+-------------------------------------------
     0 | D:1      | Goblin1989 the Ghoul Fire Elementalist began the quest for
                  | the Orb.
     0 | D:1      | Reached XP level 1. HP: 14/14 MP: 2/2
   134 | D:1      | Reached skill level 1 in Conjurations
   157 | D:1      | Reached XP level 2. HP: 20/20 MP: 0/3
   474 | D:1      | Reached skill level 2 in Spellcasting
   824 | D:1      | Reached XP level 3. HP: 26/26 MP: 2/5
  1342 | D:2      | Goblin1989: &dump runewalsh
  1342 | D:2      | meem:
                  | http://www.underhound.eu:81/crawl/morgue/runewalsh/runewals
                  | h.txt
  1498 | D:2      | Upgraded the game from 0.25-a0-523-g9afb2ee040 to
                  | 0.25-a0-544-gee0576305d
  1765 | D:2      | Reached XP level 4. HP: 33/33 MP: 1/6
  2269 | D:2      | Found a glowing silver altar of Zin.
  2901 | D:3      | Reached skill level 3 in Spellcasting
  2968 | D:3      | Reached XP level 5. HP: 33/38 MP: 6/8
  3600 | D:3      | Learned a level 3 spell: Conjure Flame
  3605 | D:3      | Learned a level 4 spell: Sticky Flame
  3690 | D:4      | Noticed a phantom
  3956 | D:4      | Found a bloodstained altar of Trog.
  3969 | D:4      | Reached XP level 6. HP: 38/44 MP: 5/10
  4051 | D:4      | Reached skill level 4 in Spellcasting
  4073 | D:4      | Upgraded the game from 0.25-a0-544-gee0576305d to
                  | 0.25-a0-547-g27a0b5d1ef
  4354 | D:4      | Learned a level 5 spell: Fireball
  4367 | D:4      | Reached XP level 7. HP: 50/50 MP: 7/12
  4389 | D:4      | Goblin1989: !apt gh
  4389 | D:4      | meem: Gh: Fighting: 1, Short: -1, Long: -1, Axes: -1,
                  | Maces: -1, Polearms: -1, Staves: -1, Slings: -1, Bows: -1,
                  | Xbows: -1, Throw: -1, Armour: -1, Dodge: -1, Stealth: 2,
                  | Shields: -1, UC: 1, Splcast: -2, Conj: -2, Hexes: -2,
                  | Charms: -1, Summ: -1, Nec: 0, Tloc: -1, Tmut: -1, Fire: -2,
                  | Ice: 1, Air: -2, Earth: 1, Poison: 0, Inv: 1, Evo: -1, Exp:
                  | 0, HP: 1, MP: -1*
  4389 | D:4      | Upgraded the game from 0.25-a0-547-g27a0b5d1ef to
                  | 0.26-a0-228-g29f007ebfe
  4389 | D:4      | Quit the game

Illustrated notes

Levels and vault maps discovered:
D:1:      heliophobic_arrival_henge, layout_basic, minivault_4
D:2:      layout_rooms, old_standard_altar, first_ration
D:3:      layout_basic, serial_forest, infiniplex_forest_clump_medium,
          infiniplex_forest_clump_curved, infiniplex_forest_lined_corner,
          infiniplex_forest_clump_C, infiniplex_forest_clump_cross,
          infiniplex_forest_clump_double, infiniplex_forest_lined_2,
          infiniplex_forest_straight_1, infiniplex_forest_lined_2,
          infiniplex_forest_straight_3, small_statue_intersection
D:4:      layout_basic, minitemple, gammafunk_ghost_split, bloody_trog

Skill      XL: |  1  2  3  4  5  6  7 |
---------------+----------------------+-----
Conjurations   | 1 2 3 |  3.0
Spellcasting   | 2 3 4 |  4.3
Fire Magic     | 3 |  3.9
Dodging        | |  1.7
Stealth        | |  2.1

Action                   |  1- 3 |  4- 6 |  7- 9 || total
-------------------------+-------+-------+-------++-------
Melee: Unarmed           |    46 |    30 |       ||    76
Throw: Dart              |       |    10 |       ||    10
 Cast: Foxfire           |    52 |   163 |     6 ||   221
  Use: Scroll            |       |     7 |       ||     7
 Stab: Sleeping          |     1 |     1 |       ||     2
  Eat: Chunk             |    15 |    18 |       ||    33
       Ration            |     1 |       |       ||     1
Armor: Robe              |    11 |    19 |       ||    30
Dodge: Dodged            |    29 |    37 |       ||    66

Table legend:
 A = Non-vault XP
 B = Vault XP
 C = Vault XP percentage of total XP
 D = Non-vault monster count
 E = Vault monster count
 F = Vault count percentage of total count
                 A         B        C        D         E       F
            +---------+---------+-------+---------+---------+-------
      Total |     670 |       0 |   0.0 |      77 |       0 |   0.0
            +---------+---------+-------+---------+---------+-------
        D:1 |      37 |       0 |   0.0 |      22 |       0 |   0.0
        D:2 |      75 |       0 |   0.0 |      19 |       0 |   0.0
        D:3 |     131 |       0 |   0.0 |      20 |       0 |   0.0
        D:4 |     427 |       0 |   0.0 |      16 |       0 |   0.0
            +---------+---------+-------+---------+---------+-------
